 Dungeon Crawl Stone Soup version 0.31-a0-66-ge618eeaa78 (webtiles) character file.

Game seed: 3548316810174865958

738 edwardauron the Shooter (level 7, -3/57 HPs)
             Began as a Demigod Hunter on May 22, 2023.
             Slain by a scorpion (5 damage)
             ... on level 5 of the Dungeon.
             The game lasted 00:05:22 (3754 turns).

edwardauron the Shooter (Demigod Hunter)            Turns: 3754, Time: 00:05:22

Health: -3/57      AC:  4    Str: 12    XL:     7   Next: 22%
Magic:  9/9        EV: 13    Int: 11    God:
Gold:   264        SH:  0    Dex: 25    Spells: 6/6 levels left

rFire   . . .        a - +0 shortbow
rCold   + . .        (shield currently unavailable)
rNeg    . . .        c - +0 leather armour
rPois   .            (no helmet)
rElec   .            (no cloak)
rCorr   .            h - +0 pair of gloves
SInv    .            (no boots)
Will    +....        (no amulet)
Stlth   ++           j - ring of protection from cold
HPRegen 0.29/turn    l - ring of willpower
MPRegen 0.11/turn

%: no passive effects
@: mighty, lethally poisoned (-3 -> -17)
A: high MP 1, forlorn, divine attributes
a: no special abilities


You were on level 5 of the Dungeon.
You visited 1 branch of the dungeon, and saw 5 of its levels.

You collected 264 gold pieces.

Inventory:

Hand Weapons
 a - a +0 shortbow (weapon)
Armour
 c - a +0 leather armour (worn)
 h - a +0 pair of gloves (worn)
Jewellery
 j - a ring of protection from cold (left hand)
 l - a ring of willpower (right hand)
Scrolls
 b - a scroll of immolation
 d - 6 scrolls of identify {unknown}
 e - 3 scrolls of teleportation
 g - a scroll of silence {unknown}
 m - a scroll of acquirement {unknown}
 n - 2 scrolls of amnesia {unknown}
 o - 2 scrolls of poison {unknown}
 r - a scroll of magic mapping {unknown}
Potions
 k - a potion of cancellation
 p - 2 potions of mutation {unknown}
 q - a potion of enlightenment {unknown}


   Skills:
 - Level 3.0 Fighting
 + Level 7.7 Ranged Weapons
 - Level 3.0 Dodging
 - Level 0.8 Stealth


You had 6 spell levels left.
You didn't know any spells.
Your spell library contained the following spells:

 Spells                   Type           Power      Damage    Failure   Level
 Beastly Appendage        Tmut           0%         N/A       41%         1
 Wereblood                Tmut           0%         N/A       56%         2
 Spider Form              Tmut/Pois      0%         N/A       80%         3


Dungeon Overview and Level Annotations

Branches:
Dungeon (5/15)
 Temple: D:4-7

Shops:
D:4 *


Innate Abilities, Weirdness & Mutations

You have an increased reservoir of magic. (+10% MP)
You shall have no god before yourself.
Your divine heritage dramatically boosts your attributes as you level up.


Message History

The arrow hits the scorpion but does no damage.
The scorpion is heavily wounded.
You feel sick.
The scorpion stings you but does no damage.
Fire: a) +0 shortbow
Press: ? - help, Q - select action Shift-Dir - straight line, f/p - scorpion
Aim: a scorpion (heavily wounded, 68% to hit)
You shoot an arrow. The arrow hits the scorpion.
The scorpion is severely wounded.
You feel sick. The scorpion stings you!
* * * LOW HITPOINT WARNING * * *
You are more poisoned.
The scorpion poisons you!
Fire: a) +0 shortbow
Press: ? - help, Q - select action Shift-Dir - straight line, f/p - scorpion
Aim: a scorpion (severely wounded, 68% to hit)
You shoot an arrow. The arrow hits the scorpion.
The scorpion is severely wounded.
* * * LOW HITPOINT WARNING * * *
You feel very sick.
The scorpion stings you but does no damage.
Fire: a) +0 shortbow
Press: ? - help, Q - select action Shift-Dir - straight line, f/p - scorpion
Aim: a scorpion (severely wounded, 68% to hit)
You shoot an arrow. The arrow closely misses the scorpion.
* * * LOW HITPOINT WARNING * * *
You feel very sick. The scorpion misses you.
It was a potion of magic.
Magic courses through your body.
* * * LOW HITPOINT WARNING * * *
You feel sick. The scorpion barely misses you. The scorpion stings you.
* * * LOW HITPOINT WARNING * * *
You are more poisoned.
The scorpion poisons you!
It was a potion of might.
You feel very mighty all of a sudden.
* * * LOW HITPOINT WARNING * * *
You feel very sick. The scorpion stings you.
You die...

#..#...........# .#
...............###.###
...............#......#
........).....##......#
...#...#<###..##......##
.........# ##.##.......<
......#### #.>........#
......##########........
........s@..............
....##..########......##
.. ...... ########
...###... ## #####


You could see a scorpion.

Vanquished Creatures
  3 ogres
  A scorpion (D:4)
  A water moccasin skeleton (D:4)
  A howler monkey (D:4)
  A bullfrog skeleton (D:4)
  An orc priest (D:3)
  2 iguanas (D:4)
  An orc wizard (D:3)
  The ghost of hwolsky the Scratcher, a weakling FeTm (D:4)
  7 adders
  3 gnolls (D:4)
  2 worms
  4 dart slugs
  2 orcs
  6 ball pythons
  6 endoplasms
  5 giant cockroaches
  8 goblins
  7 hobgoblins
  3 jackals (D:2)
  12 kobolds
  3 quokkas
  7 bats
  2 frilled lizards
  2 rats (D:2)
91 creatures vanquished.

Vanquished Creatures (others)
  An orc wizard (D:3)
  A ball python (D:3)
2 creatures vanquished.

Grand Total: 93 creatures vanquished

Notes
Turn   | Place    | Note
-------+----------+-------------------------------------------
     0 | D:1      | edwardauron the Demigod Hunter began the quest for the Orb.
     0 | D:1      | Reached XP level 1. HP: 17/17 MP: 3/3
   142 | D:1      | Reached skill level 4 in Ranged Weapons
   229 | D:1      | Reached XP level 2. HP: 24/24 MP: 4/4
   923 | D:2      | Reached XP level 3. HP: 29/29 MP: 5/5
   971 | D:2      | Noticed an ogre
   984 | D:2      | Killed an ogre
   985 | D:2      | Reached skill level 5 in Ranged Weapons
   985 | D:2      | Reached XP level 4. HP: 11/36 MP: 6/6
  1497 | D:2      | Reached XP level 5. HP: 40/41 MP: 7/7
  2049 | D:3      | Reached skill level 6 in Ranged Weapons
  2366 | D:3      | Noticed an angel
  2663 | D:4      | Noticed an ogre
  2670 | D:4      | Killed an ogre
  2671 | D:4      | Reached XP level 6. HP: 51/51 MP: 8/8
  2750 | D:4      | Found a runed translucent gate.
  2750 | D:4      | Found a runed translucent gate.
  2750 | D:4      | Found a runed translucent gate.
  2754 | D:4      | Noticed hwolsky's ghost (weakling FeTm)
  2861 | D:4      | Found Ybipt's Lightly-Used Armoury.
  3078 | D:4      | Noticed a profane servitor
  3235 | D:4      | Noticed an angel
  3294 | D:4      | Killed hwolsky's ghost
  3295 | D:4      | Reached skill level 7 in Ranged Weapons
  3305 | D:4      | Reached XP level 7. HP: 29/57 MP: 9/9
  3434 | D:5      | Entered Level 5 of the Dungeon
  3754 | D:5      | HP: 2/57 [poisoned by a scorpion]
  3754 | D:5      | Slain by a scorpion

Illustrated notes

Levels and vault maps discovered:
D:1:      minmay_arrival_solitary_statue, layout_basic, serial_bayou,
          serial_bayou_ford_a, serial_bayou_pond_b, serial_bayou_shore_b,
          serial_bayou_crossing, chequers_serial_rivers_micro_d
D:2:      layout_loops_ring, serial_rivers, chequers_serial_rivers_small_3,
          chequers_serial_rivers_room_a, chequers_serial_rivers_small_a,
          chequers_serial_rivers_small_3, chequers_serial_rivers_large_b,
          minmay_pentomino_z2
D:3:      layout_basic, grunt_temple_overflow_order_and_chaos_1,
          mainiacjoe_overflow_surrounded_room, lemuel_doored_altar, bloody_trog,
          kennysheep_generic_room_14
D:4:      layout_rooms, grunt_temple_overflow_holy_war,
          nicolae_hepliaklqana_hazy_memory, elyvilon_altar_3,
          gammafunk_ghost_necromancy, minmay_shop_damaged
D:5:      cheibrodos_thug_alley, layout_rooms, grunt_dithmenos_smoke_and_mirrors

Skill      XL: |  1  2  3  4  5  6 |
---------------+-------------------+-----
Ranged Weapons | 4 5 6 7 |  7.7
Fighting       | 2 3 |  3.0
Dodging        | 2 3 |  3.0
Stealth        | |  0.8

Action                     |  1- 3 |  4- 6 |  7- 9 || total
---------------------------+-------+-------+-------++-------
   Fire: Shortbow          |    79 |   206 |    35 ||   320
    Use: Potion            |       |     5 |     2 ||     7
         Scroll            |       |     1 |       ||     1
 Armour: Leather armour    |     2 |    25 |     3 ||    30
         Skin              |       |     5 |       ||     5
  Dodge: Dodged            |    17 |    49 |    21 ||    87

Table legend: (Time is in decaauts)
 A = Elapsed time spent in this place.
 B = Non-inter-level travel time spent in this place.
 C = Inter-level travel time spent in this place.
 D = Time resting spent in this place.
 E = Time spent auto-exploring this place.
 F = Levels seen in this place.
 G = Mean time per level.
                   A        B        C        D        E       F      G
               +--------+--------+--------+--------+--------+-----+--------+
         Total |   3834 |   3691 |    143 |    584 |   2498 |   5 |  766.8 |
       Dungeon |   3834 |   3691 |    143 |    584 |   2498 |   5 |  766.8 |
               +--------+--------+--------+--------+--------+-----+--------+

Top non-repeatable levels by time:
     D:4: 1045 daAuts
     D:2: 929 daAuts
     D:1: 906 daAuts
     D:3: 886 daAuts
     D:5: 66 daAuts
